 Dungeon Crawl Stone Soup version 0.28.0-43-g3370ac3207 (webtiles) character file.

Game seed: 12800041724767939130

168 crimpus the Bolt Thrower (level 5, -3/42 HPs)
             Began as a Demigod Hunter on Mar 26, 2022.
             Engulfed by a cloud of flame (24 damage)
             ... on level 3 of the Dungeon.
             The game lasted 00:02:21 (1707 turns).

crimpus the Bolt Thrower (Demigod Hunter)           Turns: 1707, Time: 00:02:21

Health: -3/42      AC:  3    Str: 13    XL:     5   Next: 3%
Magic:  7/7        EV: 10    Int: 13    God:
Gold:   43         SH:  8    Dex: 18    Spells: 4/4 levels left

rFire   . . .      SeeInvis .   a - +1 hand crossbow
rCold   . . .      Faith    .   j - +0 kite shield
rNeg    . . .      Spirit   .   c - +0 leather armour
rPois   .          Reflect  .   (no helmet)
rElec   .          Harm     .   (no cloak)
rCorr   .          Rampage  .   (no gloves)
Will    .....                   (no boots)
Stlth   ++........              (no amulet)
HPRegen 0.14/turn               (no ring)
MPRegen 0.10/turn               (no ring)

@: no status effects
A: high MP 1, forlorn, divine attributes
a: no special abilities


You were on level 3 of the Dungeon.
You visited 1 branch of the dungeon, and saw 3 of its levels.

You collected 43 gold pieces.

Inventory:

Hand Weapons
 a - a +1 hand crossbow (weapon)
 b - a +0 short sword
Missiles
 d - 12 bolts (quivered ammo)
Armour
 c - a +0 leather armour (worn)
 j - a +0 kite shield (worn)
Scrolls
 e - a scroll of teleportation {unknown}
 g - a scroll of fog {unknown}
 h - 2 scrolls of identify {unknown}
 i - a scroll of blinking {unknown}
 l - a scroll of enchant weapon {unknown}
 m - a scroll of amnesia {unknown}
Potions
 f - 3 potions of curing {unknown}
 k - a potion of heal wounds {unknown}


   Skills:
 * Level 2.3 Fighting
 * Level 5.0 Crossbows
 + Level 0.4 Armour
 * Level 2.1 Dodging
 * Level 2.0 Stealth
 * Level 1.0 Shields


You had 4 spell levels left.
You didn't know any spells.
Your spell library was empty.

Dungeon Overview and Level Annotations

Branches:
Dungeon (3/15)


Innate Abilities, Weirdness & Mutations

You have an increased reservoir of magic. (+10% MP)
You shall have no god before yourself.
Your divine heritage dramatically boosts your attributes as you level up.


Message History

You shoot a bolt. The bolt hits the hound!
The hound is almost dead.
You block the hound's attack. The hound barely misses you.
You shoot a bolt. The bolt hits the hound.
You kill the hound!
The bat barely misses you. You block the ball python's attack. x2
Your Crossbows skill increases to level 5!
Your Shields skill increases to level 1!
You have reached level 5!
You shoot a bolt. The bolt hits the ball python.
You kill the ball python!
You block the bat's attack. The bat hits you.
Your Stealth skill increases to level 2!
You shoot a bolt. The bolt hits the bat.
You kill the bat!
No target in view!
HP restored.
d - 4 bolts (gained 1)
You see here a +0 dagger.
d - 10 bolts (gained 6)
Things that are here:
a bat corpse; a ball python corpse
d - 12 bolts (gained 2)
Found a shimmering blue altar of Sif Muna.
d - 13 bolts (gained 1)
A kobold comes into view. It is wielding a +0 short sword.
Found 10 gold pieces.
The kobold shouts!
A kobold is nearby!
You shoot a bolt. The bolt hits the kobold.
You kill the kobold!
An endoplasm comes into view.
An endoplasm is nearby!
Really walk into a travel-excluded area?
Found 5 gold pieces and 3 poisoned darts.
You are engulfed in blazing flames.
Ouch! That really hurt!
You are engulfed in blazing flames.
Ouch! That really hurt!
You die...

#.# ....... #.#
....J.. #.# .......
#.# .......
#.###########.......
#...................
######.#####...#####
#.# #§☼○# #.# #@°○#
#.# #☼§§#
#.#####...#
#.......$.(.
#..§☼§.$$$.☼°
#..○☼§.$$$.§§§.
#######...#####
#..§#


You could see an endoplasm.

Vanquished Creatures
  A hound (D:3)
  Natasha (twice) (D:2)
  4 adders (D:2)
  A worm (D:2)
  A dart slug (D:1)
  7 ball pythons
  5 bats
  5 endoplasms
  A giant cockroach (D:1)
  5 goblins
  3 hobgoblins
  6 kobolds
  A quokka (D:2)
  A frilled lizard (D:1)
  3 rats
46 creatures vanquished.

Notes
Turn   | Place    | Note
-------+----------+-------------------------------------------
     0 | D:1      | crimpus the Demigod Hunter began the quest for the Orb.
     0 | D:1      | Reached XP level 1. HP: 17/17 MP: 3/3
   174 | D:1      | Reached skill level 4 in Crossbows
   206 | D:1      | Reached skill level 1 in Stealth
   220 | D:1      | Reached XP level 2. HP: 24/24 MP: 4/4
  1009 | D:2      | Reached XP level 3. HP: 29/29 MP: 5/5
  1145 | D:2      | Noticed Natasha
  1147 | D:2      | Killed Natasha
  1148 | D:2      | Reached XP level 4. HP: 36/36 MP: 6/6
  1423 | D:2      | Noticed Natasha
  1429 | D:2      | Killed Natasha
  1615 | D:3      | Reached skill level 5 in Crossbows
  1615 | D:3      | Reached skill level 1 in Shields
  1615 | D:3      | Reached XP level 5. HP: 37/42 MP: 7/7
  1707 | D:3      | Engulfed by a cloud of flame

Illustrated notes

Levels and vault maps discovered:
D:1:      dpeg_arrival_simpleton_c, layout_loops_ring,
          hellmonk_ecumenical_altar_defaced_shrine, amcnicky_mini_pool_small
D:2:      layout_loops_cross, uniq_natasha
D:3:      layout_basic, nicolae_sif_muna_condensation, minmay_misc_feat_cross,
          lemuel_flame_loot_1

Skill      XL: |  1  2  3  4  5 |
---------------+----------------+-----
Crossbows      | 4 5 |  5.0
Stealth        | 1 2 |  2.0
Fighting       | 2 |  2.3
Dodging        | 2 |  2.1
Shields        | 1 |  1.0
Armour         | |  0.4

Action                   |  1- 3 |  4- 6 || total
-------------------------+-------+-------++-------
 Fire: Hand crossbow     |    60 |    35 ||    95
Armor: Leather armour    |     2 |     7 ||     9
Dodge: Dodged            |     4 |    15 ||    19
Block: Kite shield       |     7 |    12 ||    19
